 Dungeon Crawl Stone Soup version 0.31-a0-167-g1c394c0614 (webtiles) character file.

Game seed: 3441216520112548317

59 qw the Chopper (level 4, 0/28 HPs)
             Began as a Gargoyle Fighter on June 14, 2023.
             Slain by a goblin
             ... wielding a +0 dagger
             ... led by Robin
              (2 damage)
             ... on level 2 of the Dungeon.
             The game lasted 00:00:33 (1394 turns).

qw the Chopper (Gargoyle Fighter)                   Turns: 1394, Time: 00:00:33

Health: 0/28       AC: 10    Str: 22    XL:     4   Next: 3%
Magic:  4/4        EV:  9    Int:  8    God:
Gold:   58         SH:  9    Dex:  9    Spells: 3/3 levels left

rFire   . . .        Y - +0 war axe
rCold   . . .        c - +0 buckler
rNeg    + + .        b - +0 scale mail
rPois   inf          (no helmet)
rElec   +            (no cloak)
rCorr   .            (no gloves)
SInv    .            (no boots)
Will    .....        f - amulet of reflection Stlth
                     i - ring of positive energy
HPRegen 0.24/turn    (no ring)
MPRegen 0.09/turn

%: reflection
@: slowed, very slow
A: sickness immunity, AC +3, negative energy resistance 1, electricity
resistance, torment resistance 1, petrification resistance
a: no special abilities


You were on level 2 of the Dungeon.
You visited 1 branch of the dungeon, and saw 2 of its levels.

You collected 58 gold pieces.


Innate Abilities, Weirdness & Mutations

You are immune to sickness and miasma.
Your stone body is resilient. (AC +3)
You are immune to poison.
You resist negative energy. (rN+)
You are resistant to electric shocks. (rElec)
You are resistant to unholy torment.
You are immune to petrification.


   Skills:
 - Level 3.2 Fighting
 + Level 3.8 Axes
 - Level 3.2 Armour
 - Level 3.2 Shields


You had 3 spell levels left.
You didn't know any spells.
Your spell library was empty.

Inventory:

Hand Weapons
 j - a +0 mace
 Y - a +0 war axe (weapon)
Missiles
 m - 3 boomerangs (quivered)
Armour
 b - a +0 scale mail (worn)
 c - a +0 buckler (worn)
Jewellery
 f - an amulet of reflection (around neck)
 i - a ring of positive energy (left hand)
Scrolls
 a - a scroll of identify
Potions
 d - a potion of might
 e - a potion of magic
 g - a potion of attraction
 h - a potion of enlightenment {unknown}
 k - a potion of resistance {unknown}
 l - a potion of curing {unknown}
 n - a potion of heal wounds {unknown}

Dungeon Overview and Level Annotations

Branches:
Dungeon (2/15)

Altars:

Annotations:
D:2 Robin


Message History

Natasha is almost dead.
The kobold shouts!
Natasha stares at you and mumbles some strange words.
You feel as though you will be slow longer.
Robin of the Strong Arm comes into view.
They are wielding a +0 spear.
A goblin comes into view. It is wielding a +0 club.
Natasha casts a spell.
Robin shouts!
The goblin shouts!
You slash Natasha!
You kill Natasha!
You hear a faint echoing roar filled with hate and sorrow!
The cerulean imp disappears in a puff of smoke!
You hear a shout!
Robin throws the goblin at you!
A goblin comes into view. It is wielding a +0 dagger.
A goblin comes into view. It is wielding a +0 club.
Robin throws the goblin at you!
A hobgoblin comes into view.
You have reached level 4!
You feel stronger.
You closely miss the goblin.
The goblin shouts!
The hobgoblin shouts!
The goblin shouts!
You hear a shout!
Robin throws the goblin at you! The goblin hits you but does no damage.
You block the goblin's attack.
A hobgoblin comes into view.
Robin roars a battlecry!
The goblins go into a battle-frenzy!
The goblin hits you with a +0 club. You block the goblin's attack.
The hobgoblin moves out of view.
You closely miss the goblin. You barely miss the goblin.
The goblin hits you but does no damage. You block the goblin's attack.
A hobgoblin comes into view.
You block the goblin's attack. x2; The goblin barely misses you.
You hit the goblin.
The goblin is severely wounded.
You hit the goblin.
You kill the goblin!
You closely miss the goblin.
You block the goblin's attack. x2; The goblin hits you with a +0 dagger.
You die...

... ... .## #.# #.# #.#
... #.# #(# #.. .. #.#
#.#.#.#
..#.#####.#.#.###
.#.##...........
..##.##.###.###### #
#%##.#............
###..#@##.##.###.......
..gg.gggg.....###..#####
.......)##.........# ##
#####..##########.###...
#..##### #....#
#......######....#
.##..#.............#
...........#####...(.#
..........# #)....#


You could see Robin, 2 hobgoblins and 3 goblins.

Vanquished Creatures
  Natasha (D:2)
  2 dart slugs
  2 endoplasms
  A giant cockroach (D:2)
  A hobgoblin (D:1)
  8 jackals
  3 kobolds
  3 ball pythons
  2 bats (D:2)
  4 goblins
  A rat (D:1)
28 creatures vanquished.

Notes
Turn   | Place    | Note
-------+----------+-------------------------------------------
     0 | D:1      | qw the Gargoyle Fighter began the quest for the Orb.
     0 | D:1      | Reached XP level 1. HP: 14/14 MP: 1/1
     0 | D:1      | 0 ||| qw: Version: 0.2-a-29-g1fa15c8
     0 | D:1      | 0 ||| qw: Game counter: 5134
     0 | D:1      | 0 ||| qw: Always use a shield: true
     0 | D:1      | 0 ||| qw: God list: Okawaru
     0 | D:1      | 0 ||| qw: Allow faded altars: false
     0 | D:1      | 0 ||| qw: Do Orc after D:15 true
     0 | D:1      | 0 ||| qw: Do second Lair branch before Depths: true
     0 | D:1      | 0 ||| qw: Lair rune preference: random
     0 | D:1      | 0 ||| qw: Plans: Normal, Zot:1-4, Slime:5, God:TSO, Crypt,
                  | Tomb, Abyss, Pan, Hells, Win
     0 | D:1      | 0 ||| PLANNING D:1-11
   111 | D:1      | HP: 3/14 [frozen (1)]
   414 | D:1      | 414 ||| Stepping ~*~*~tactically~*~*~ (stealth).
   421 | D:1      | Reached XP level 2. HP: 19/19 MP: 2/2
   514 | D:1      | 514 ||| DROPPING +0 whip.
   542 | D:1      | You fall into a shaft and drop 1 floor!
   702 | D:2      | 702 ||| UPGRADING to amulet of reflection.
   707 | D:2      | 707 ||| UPGRADING to ring of positive energy.
   708 | D:2      | 708 ||| READING 2 scrolls labelled XECINEOMIWA.
   709 | D:2      | 709 ||| DRINKING 2 fizzy orange potions.
   710 | D:2      | 710 ||| DRINKING 2 white potions.
  1083 | D:1      | Reached skill level 3 in Axes
  1097 | D:1      | Reached XP level 3. HP: 23/23 MP: 3/3
  1190 | D:1      | 1190 ||| Stepping ~*~*~tactically~*~*~ (stealth).
  1191 | D:1      | 1191 ||| Stepping ~*~*~tactically~*~*~ (stealth).
  1384 | D:2      | Noticed Natasha
  1389 | D:2      | HP: 4/23 [Natasha/magic dart (7)]
  1390 | D:2      | Noticed Robin
  1391 | D:2      | Killed Natasha
  1392 | D:2      | Reached XP level 4. HP: 4/28 MP: 4/4
  1392 | D:2      | HP: 1/28 [goblin/+0 club[Robin] (3)]
  1394 | D:2      | Slain by a goblin

Levels and vault maps discovered:
D:1:      dpeg_arrival_arbitrary_b, layout_loops_corners, serial_forest,
          infiniplex_forest_clump_medium, infiniplex_forest_end_double,
          infiniplex_forest_lined_room_, infiniplex_forest_zigzag_1,
          infiniplex_forest_pool, infiniplex_forest_clump_C,
          infiniplex_forest_straight_3, serial_bayou_pond_d
D:2:      layout_basic, basic_altar, minmay_box_of_dots, uniq_robin,
          uniq_natasha

Skill      XL: |  1  2 |
---------------+-------+-----
Axes           | 2 3 |  3.8
Fighting       | |  3.2
Armour         | |  3.2
Shields        | |  3.2

Action                     |  1- 3 |  4- 6 || total
---------------------------+-------+-------++-------
  Melee: War axe           |    88 |     3 ||    91
  Throw: Boomerang         |     5 |       ||     5
    Use: Potion            |     2 |       ||     2
         Scroll            |     1 |       ||     1
 Armour: Scale mail        |    35 |     3 ||    38
  Dodge: Dodged            |    44 |     1 ||    45
  Block: Buckler           |    22 |     7 ||    29

Table legend:
 A = Non-vault XP
 B = Vault XP
 C = Vault XP percentage of total XP
 D = Non-vault monster count
 E = Vault monster count
 F = Vault count percentage of total count
                 A         B        C        D         E       F
            +---------+---------+-------+---------+---------+-------
      Total |      43 |      44 |  50.6 |      22 |       6 |  21.4
            +---------+---------+-------+---------+---------+-------
        D:1 |      31 |       0 |   0.0 |      16 |       0 |   0.0
        D:2 |      12 |      44 |  78.6 |       6 |       6 |  50.0
            +---------+---------+-------+---------+---------+-------
